Map: Ruby Rock LE

Players

HoldTheDoor

  • Race: Protoss Protoss
  • League: Diamond
  • Spawn Location: 5:00

Asindee - Winner!

  • Race: Terran Terran
  • League: Diamond
  • Spawn Location: 11:00

VOD

Have the link to the VOD?

Description

Time

  • Played on: May 17, 2026, 12:17 p.m.
  • Length: 4:52
Show
View Real Time Build Order
Export as new Build Order

HoldTheDoor Protoss 

Build Orders: 1 Gate Expand 

Get SALT Encoding   

  12  0:01  Probe  
  13  0:13  Probe  
  14  0:17  Pylon  
  14  0:24  Probe  
  15  0:32  Probe  
  15  0:40  Probe, Gateway  
  16  0:49  Assimilator  
  17  0:51  Probe  
  18  1:03  Probe  
  19  1:15  Probe  
  20  1:26  Nexus  
  20  1:35  Cybernetics Core  
  20  1:37  Probe  
  21  1:48  Pylon  
  21  1:49  Probe  
  22  1:54  Assimilator  
  22  2:02  Probe, Adept  
  23  2:14  Warp Gate  
  23  2:15  Probe  
  26  2:25  Shield Battery  
  26  2:27  Probe  
  27  2:39  Probe x2  
  27  2:41  Sentry  
  31  2:49  Pylon  
  32  2:51  Probe x2  
  33  3:11  Gateway  
  33  3:13  Gateway  
  33  3:15  Probe x2, Pylon  
  35  3:27  Probe x2  
  35  3:32  Robotics Facility  
  37  3:35  Twilight Council  
  37  3:37  Pylon  
  37  3:39  Probe x2  
  39  3:57  Probe  
  39  3:58  Probe  
  41  4:05  Zealot  
  41  4:06  Gateway  
  41  4:07  Zealot  
  41  4:09  Zealot  
  47  4:10  Immortal  
  47  4:12  Probe  
  48  4:17  Assimilator  
  52  4:29  Templar Archives  
  52  4:31  Shield Battery  
  52  4:32  Pylon  
  52  4:36  Shield Battery  
  52  4:39  Pylon  
Show
View Real Time Build Order
Export as new Build Order

Asindee Terran - Winner!

Build Orders: 1/1/1 

Get SALT Encoding   

  12  0:00  SCV  
  13  0:12  SCV  
  14  0:17  Supply Depot  
  14  0:24  SCV  
  15  0:39  SCV  
  15  0:41  Barracks  
  16  0:44  Refinery  
  16  0:51  SCV  
  16  0:54  Refinery  
  17  1:02  Supply Depot  
  17  1:07  SCV  
  18  1:28  SCV  
  18  1:30  Reaper  
  20  1:43  Factory  
  20  1:46  Orbital Command  
  20  1:59  Supply Depot  
  20  2:03  Barracks Reactor  
  20  2:12  SCV  
  21  2:24  SCV  
  21  2:27  Widow Mine  
  21  2:28  Starport  
  24  2:38  SCV  
  24  2:43  Marine x2  
  27  2:50  Factory Tech Lab, SCV  
  28  3:00  Marine  
  28  3:01  Marine  
  28  3:02  SCV  
  31  3:08  Starport Tech Lab  
  31  3:11  Siege Tank  
  33  3:13  Supply Depot  
  33  3:14  SCV  
  33  3:18  Marine x2  
  38  3:27  Raven  
  38  3:32  SCV  
  39  3:36  Marine x2  
  41  3:42  Supply Depot  
  43  3:59  Siege Tank  
  46  4:05  Marine x2  
  46  4:07  SCV  
  50  4:10  Raven  
  50  4:15  Supply Depot  
  49  4:19  SCV  
  50  4:24  Marine x2  
  55  4:37  SCV  
  56  4:41  Bunker  
Tags
 
Add a new tag
Caveats
  • Supply blocks, unpowered buildings, or Contaminate may cause inaccurate times.
  • Supply counts are checked every 10 seconds.